 Dungeon Crawl Stone Soup version 0.30.1-4-g462c640d31 (webtiles) character file.

Game seed: 11900968901063882564

101 Bobit the Cleaver (level 4, -7/34 HPs)
             Began as a Gnoll Wanderer on Aug 15, 2023.
             Was a Follower of Okawaru.
             Mangled by a wyvern skeleton (10 damage)
             ... on level 3 of the Dungeon.
             The game lasted 00:04:44 (2527 turns).

Bobit the Cleaver (Gnoll Wanderer)                  Turns: 2527, Time: 00:04:45

Health: -7/34      AC: 11    Str: 18    XL:     4   Next: 75%
Magic:  8/8        EV:  6    Int: 10    God:    Okawaru [*.....]
Gold:   127        SH:  9    Dex:  8    Spells: 8/9 levels left

rFire   . . .        s - +2 dagger (vamp)
rCold   . . .        o - +0 tower shield
rNeg    . . .        b - +0 scale mail
rPois   .            u - +2 helmet
rElec   .            (no cloak)
rCorr   .            p - +0 pair of gloves
SInv    .            (no boots)
Will    .....        (no amulet) Stlth
                     (no ring)
HPRegen 0.25/turn    (no ring)
MPRegen 0.11/turn

%: no passive effects
@: no status effects
A: fangs 1, strong nose, distributed training
a: Renounce Religion, Heroism


You were on level 3 of the Dungeon.
You worshipped Okawaru.
Okawaru was aware of your devotion.
You visited 1 branch of the dungeon, and saw 4 of its levels.

You collected 127 gold pieces.

Inventory:

Hand Weapons
 a - a +2 hand axe
 s - a +2 vampiric dagger (weapon)
 t - a +2 heavy mace
 v - a +2 dagger of venom
Armour
 b - a +0 scale mail (worn)
 o - a +0 tower shield (worn)
 p - a +0 pair of gloves (worn)
 u - a +2 helmet (worn)
Scrolls
 e - 3 scrolls of fear {unknown}
 f - 3 scrolls of identify {unknown}
 g - a scroll of brand weapon {unknown}
 j - a scroll of amnesia {unknown}
 k - a scroll of butterflies {unknown}
 l - a scroll of blinking {unknown}
 m - a scroll of enchant armour {unknown}
 n - a scroll of noise {unknown}
 q - a scroll of immolation {unknown}
 w - a scroll of teleportation {unknown}
Potions
 c - 2 potions of haste
 d - 2 potions of lignification {unknown}
 h - a potion of cancellation {unknown}
 i - a potion of curing {unknown}
 r - a potion of ambrosia {unknown}


   Skills:
 + Level 2.8 Fighting
 + Level 1.2 Short Blades
 + Level 1.2 Long Blades
 + Level 10.5 Axes
 + Level 1.2 Maces & Flails
 + Level 1.2 Polearms
 + Level 1.2 Staves
 + Level 1.2 Ranged Weapons
 + Level 1.2 Throwing
 + Level 2.8 Armour
 + Level 1.2 Dodging
 + Level 2.6 Stealth
 + Level 1.2 Shields
 + Level 1.2 Unarmed Combat
 + Level 3.0 Spellcasting
 + Level 1.0 Conjurations
 + Level 1.0 Hexes
 + Level 1.0 Summonings
 + Level 1.0 Necromancy
 + Level 1.0 Translocations
 + Level 1.0 Transmutations
 + Level 2.3 Fire Magic
 + Level 1.0 Ice Magic
 + Level 1.0 Air Magic
 + Level 1.0 Earth Magic
 + Level 1.0 Poison Magic
 + Level 1.4 Invocations
 + Level 1.2 Evocations


You had 8 spell levels left.
You knew the following spells:

 Your Spells              Type           Power      Damage    Failure   Level
a - Foxfire               Conj/Fire      16%        2x1d4     99%         1

Your spell library contained the following spells:

 Spells                   Type           Power      Damage    Failure   Level
 Slow                     Hex            12%        N/A       100%        1
 Cigotuvi's Dreadful Rot  Necr/Pois/Air  6%         N/A       100%        2
 Poisonous Vapours        Pois/Air       6%         N/A       100%        2
 Confusing Touch          Hex            3%         N/A       100%        3
 Ignite Poison            Fire/Tmut/Pois 4%         N/A       100%        3
 Inner Flame              Hex/Fire       4%         N/A       100%        3
 Mephitic Cloud           Conj/Pois/Air  3%         N/A       100%        3
 Vampiric Draining        Necr           3%         2d6       100%        3
 Freezing Cloud           Conj/Ice/Air   1%         6-21      100%        5


Dungeon Overview and Level Annotations

Branches:
Dungeon (4/15)
 Temple: D:4-7

Altars:
Okawaru

Annotations:
D:3 Mahound's ghost, weakling DrIE


Innate Abilities, Weirdness & Mutations

You have very sharp teeth.
Your uncanny sense of smell can sniff out nearby items.
Your experience applies equally to all skills.


Message History

You block the gnoll's attack.
You closely miss the gnoll.
The gnoll is almost dead.
The gnoll hits you but does no damage. x2
You closely miss the gnoll. You bite the gnoll, but do no damage.
The gnoll is almost dead.
You kill the gnoll!
Okawaru accepts your kill.
You see here a +0 whip.
Your +2 dagger of venom stops dripping with poison.
You feel a sense of dread.
s - a +2 vampiric dagger (weapon)
There is a stone staircase leading down here.
You start resting.
A wyvern skeleton is nearby!
The wyvern skeleton bites you but does no damage.
You hit the wyvern skeleton.
The wyvern skeleton is lightly damaged.
The wyvern skeleton bites you but does no damage.
The wyvern skeleton barely misses you.
You completely miss the wyvern skeleton.
The wyvern skeleton is lightly damaged.
You block the wyvern skeleton's attack. The wyvern skeleton bites you!
You hit the wyvern skeleton.
The wyvern skeleton is lightly damaged.
The wyvern skeleton bites you but does no damage.
The wyvern skeleton bites you.
You completely miss the wyvern skeleton.
The wyvern skeleton is lightly damaged.
The wyvern skeleton barely misses you.
You completely miss the wyvern skeleton.
The wyvern skeleton is lightly damaged.
The wyvern skeleton bites you! The wyvern skeleton bites you.
* * * LOW HITPOINT WARNING * * *
You hit the wyvern skeleton. You bite the wyvern skeleton.
The wyvern skeleton is moderately damaged.
The wyvern skeleton bites you.
* * * LOW HITPOINT WARNING * * *
The wyvern skeleton bites you!
You die...

......##############.....#
#........>.....# #.###.#
.#...#########.# #.# #.#
#.#.## #.# #.###.# ###.#
#.# #.....# ###.# #.#
###.### .##.###### #.# #.#
....<....#####)#######/#
####.#.#.......Z@...##.#
#.#...####.#####>##.#
##.##### ##.# #.##.#
##...## #..# #.##.#
##.....## ##.## #.##.#
#.......###...#####.##.#
.......................#
#.......#.#...#####.####
##.....#...#.#### #.#


You could see a wyvern skeleton.

Vanquished Creatures
  Robin (D:3)
  A gnoll (D:3)
  A worm (D:3)
  4 dart slugs
  7 ball pythons
  10 bats
  9 endoplasms
  2 giant cockroaches
  9 goblins
  7 hobgoblins
  2 jackals (D:2)
  A quokka (D:1)
  A frilled lizard (D:1)
  3 kobolds
  4 rats
62 creatures vanquished.

Notes
Turn   | Place    | Note
-------+----------+-------------------------------------------
     0 | D:1      | Reached skill level 10 in Axes
     0 | D:1      | Bobit the Gnoll Wanderer began the quest for the Orb.
     0 | D:1      | Bobit set off with the following items: a +2 hand axe, a +0
                  | scale mail, a potion of haste; and the following spell
                  | memorised: Foxfire; and the following spells available to
                  | memorise: Inner Flame.
     0 | D:1      | Reached XP level 1. HP: 17/17 MP: 4/4
   194 | D:1      | Reached XP level 2. HP: 23/23 MP: 5/5
   487 | D:1      | Reached XP level 3. HP: 22/28 MP: 7/7
   587 | D:1      | Found a faded altar of an unknown god.
   954 | D:1      | Prayed at the altar of an unknown god.
   954 | D:1      | Became a worshipper of Warmaster Okawaru
   954 | D:1      | Reached * piety under Okawaru
  1000 | D:2      | Reached skill level 1 in Invocations
  1227 | D:2      | Reached skill level 1 in Short Blades
  1227 | D:2      | Reached skill level 1 in Long Blades
  1227 | D:2      | Reached skill level 1 in Maces & Flails
  1227 | D:2      | Reached skill level 1 in Polearms
  1227 | D:2      | Reached skill level 1 in Staves
  1227 | D:2      | Reached skill level 1 in Ranged Weapons
  1227 | D:2      | Reached skill level 1 in Throwing
  1227 | D:2      | Reached skill level 1 in Dodging
  1227 | D:2      | Reached skill level 1 in Shields
  1227 | D:2      | Reached skill level 1 in Unarmed Combat
  1227 | D:2      | Reached skill level 1 in Evocations
  1468 | D:2      | Reached XP level 4. HP: 33/34 MP: 8/8
  1681 | D:3      | Found a runed translucent gate.
  1691 | D:3      | Found a runed translucent gate.
  1692 | D:3      | Found a runed translucent gate.
  1694 | D:3      | Noticed Mahound's ghost (weakling DrIE)
  1697 | D:3      | Identified the +1 quarterstaff of Sedotu Muut {flame,
                  | Str+5}
  1945 | D:3      | Noticed Robin
  1959 | D:3      | Killed Robin
  1960 | D:3      | Reached skill level 1 in Conjurations
  1960 | D:3      | Reached skill level 1 in Hexes
  1960 | D:3      | Reached skill level 1 in Summonings
  1960 | D:3      | Reached skill level 1 in Necromancy
  1960 | D:3      | Reached skill level 1 in Translocations
  1960 | D:3      | Reached skill level 1 in Transmutations
  1960 | D:3      | Reached skill level 1 in Ice Magic
  1960 | D:3      | Reached skill level 1 in Air Magic
  1960 | D:3      | Reached skill level 1 in Earth Magic
  1960 | D:3      | Reached skill level 1 in Poison Magic
  2527 | D:3      | Mangled by a wyvern skeleton

Illustrated notes

Levels and vault maps discovered:
D:1:      dpeg_arrival_round_b, layout_loops_ring,
          dreamdust_ecumenical_altar_hidden_monk_grotto, minmay_curled_crystal
D:2:      layout_loops_cross, uniq_crazy_yiuf_cottage
D:3:      layout_loops_ring, gammafunk_ghost_necromancy, uniq_robin
D:4:      layout_cave_pools, temple_pool_b, ebering_ghost_inner_flame,
          minmay_small_thing

Skill      XL: |  1  2  3  4 |
---------------+-------------+-----
Axes           | | 10.5
Fire Magic     | 2 |  2.3
Invocations    | 1 |  1.4
Short Blades   | 1 |  1.2
Long Blades    | 1 |  1.2
Maces & Flails | 1 |  1.2
Polearms       | 1 |  1.2
Staves         | 1 |  1.2
Ranged Weapons | 1 |  1.2
Throwing       | 1 |  1.2
Dodging        | 1 |  1.2
Shields        | 1 |  1.2
Unarmed Combat | 1 |  1.2
Evocations     | 1 |  1.2
Spellcasting   | 3 |  3.0
Conjurations   | 1 |  1.0
Hexes          | 1 |  1.0
Summonings     | 1 |  1.0
Necromancy     | 1 |  1.0
Translocations | 1 |  1.0
Transmutations | 1 |  1.0
Ice Magic      | 1 |  1.0
Air Magic      | 1 |  1.0
Earth Magic    | 1 |  1.0
Poison Magic   | 1 |  1.0
Fighting       | |  2.8
Armour         | |  2.8
Stealth        | |  2.6

Action                     |  1- 3 |  4- 6 || total
---------------------------+-------+-------++-------
  Melee: Hand axe          |   103 |    46 ||   149
         Bite              |     5 |     8 ||    13
         Punch             |     2 |       ||     2
         Dagger            |       |    25 ||    25
    Use: Potion            |       |     1 ||     1
 Armour: Scale mail        |    38 |    23 ||    61
  Dodge: Dodged            |    39 |    14 ||    53
  Block: Tower shield      |       |    28 ||    28
